[Event "Titled Tuesday Blitz May 4 2021"]
[White "Gazis, Efstathios"]
[Black "Mayeregger, Arnold"]
[WhiteFideId "4200659"]
[BlackFideId "3705226"]
[WhiteElo "2231"]
[BlackElo "1567"]
[Result "1-0"]
[Round "05"]
[TimeControl "180+1"]
[Date "2021.05.04"]
[WhiteClock "0:01:32"]
[BlackClock "0:01:51"]

1. e4 c5 2. Nf3 e6 3. d4 cxd4 4. Nxd4 a6 5. c4 Qc7 6. Nc3 Nf6 7. Be2 Be7 8. f4 d6 9. Qd3 O-O 10. a3 Nbd7 11. b4 b6 12. Bb2 Bb7 13. Rc1 Rac8 14. O-O Ba8 15. g4 Nb8 16. g5 Nfd7 17. h4 Nc6 18. Nd5 exd5 19. cxd5 Nxd4 20. Qxd4 f6 21. Rxc7 Rxc7 22. Bg4 Rfc8 23. h5 Bf8 24. h6 Rc4 25. Qd3 R8c7 26. Bxd7 1-0


[Site "https://www.chess.com"]

[Event "Titled Tuesday Blitz May 4 2021"]
[White "Gedgafov, Chamal"]
[Black "Pesotskiy, Mikhail"]
[WhiteFideId "34130621"]
[BlackFideId "34164453"]
[WhiteElo "2005"]
[BlackElo "2052"]
[Result "0-1"]
[Round "05"]
[TimeControl "180+1"]
[Date "2021.05.04"]
[WhiteClock "0:01:31"]
[BlackClock "0:01:56"]

1. d4 Nf6 2. c4 e6 3. Nc3 Bb4 4. e3 b6 5. Ne2 Bb7 6. a3 Be7 7. d5 O-O 8. Ng3 Bd6 9. Be2 c6 10. Bf3 Be5 11. dxe6 dxe6 12. Bd2 Nbd7 13. b4 a5 14. b5 Qc8 15. Rc1 cxb5 16. Nxb5 Nc5 17. O-O Bxf3 18. Qxf3 Nb3 19. Rc2 Nxd2 20. Rxd2 Qxc4 21. Rb1 Rad8 22. Rxd8 Rxd8 23. Ne2 Qxb5 0-1


[Site "https://www.chess.com"]

[Event "Titled Tuesday Blitz May 4 2021"]
[White "Golizadeh, Asghar"]
[Black "Srihari L R"]
[WhiteFideId "12505269"]
[BlackFideId "46617116"]
[WhiteElo "2403"]
[BlackElo "2121"]
[Result "0-1"]
[Round "05"]
[TimeControl "180+1"]
[Date "2021.05.04"]
[WhiteClock "0:00:45"]
[BlackClock "0:01:23"]

1. e4 c6 2. d4 d5 3. Nd2 dxe4 4. Nxe4 Bf5 5. Ng3 Bg6 6. h4 h6 7. Nf3 Nd7 8. h5 Bh7 9. Bd3 Bxd3 10. Qxd3 e6 11. Bd2 Ngf6 12. O-O-O Be7 13. Kb1 O-O 14. Ne4 Nxe4 15. Qxe4 Nf6 16. Qe2 Qd5 17. Be3 b5 18. Ne5 Bd6 19. f4 Ne4 20. Rhg1 f6 21. Ng6 Rfb8 22. g4 b4 23. Ka1 Rb5 24. Qd3 Ra5 25. a3 Nc3 26. b3 Rxa3+ 27. Kb2 Ra2+ 28. Kc1 Ra1+ 29. Kd2 Qg2+ 0-1


[Site "https://www.chess.com"]

[Event "Titled Tuesday Blitz May 4 2021"]
[White "Gombocz, Ferenc Jr."]
[Black "Golsta, Madara"]
[WhiteFideId "775029"]
[BlackFideId "11607386"]
[WhiteElo "1913"]
[BlackElo "1880"]
[Result "1-0"]
[Round "05"]
[TimeControl "180+1"]
[Date "2021.05.04"]
[WhiteClock "0:02:43"]
[BlackClock "0:01:49"]

1. c4 c5 2. g3 g6 3. Bg2 Bg7 4. Nc3 Nc6 5. a3 e6 6. b4 cxb4 7. axb4 Nxb4 8. Ba3 Nc6 9. Nb5 Nge7 10. Bd6 O-O 11. Bc7 Bxa1 12. Bxd8 1-0


[Site "https://www.chess.com"]

[Event "Titled Tuesday Blitz May 4 2021"]
[White "Grigoryan, Meri"]
[Black "Li, Hui"]
[WhiteFideId "13300571"]
[BlackFideId "15400310"]
[WhiteElo "2007"]
[BlackElo "1954"]
[Result "0-1"]
[Round "05"]
[TimeControl "180+1"]
[Date "2021.05.04"]
[WhiteClock "0:00:06"]
[BlackClock "0:00:08"]

1. d4 Nf6 2. c4 e6 3. Nc3 d5 4. Nf3 Be7 5. Bg5 O-O 6. e3 h6 7. Bxf6 Bxf6 8. Rc1 c6 9. Bd3 Nd7 10. cxd5 exd5 11. Bb1 Re8 12. O-O a5 13. Qd3 Nf8 14. e4 dxe4 15. Nxe4 Bg4 16. Nxf6+ Qxf6 17. Ne5 Bh5 18. f4 Bg6 19. f5 Bh7 20. Rf3 Rad8 21. Qc4 Nd7 22. Ng4 Qg5 23. Rg3 Nb6 24. Qc2 Rxd4 25. Ne5 Qd2 26. Qxd2 Rxd2 27. Ng4 Kf8 28. b3 Ree2 29. f6 Bxb1 30. Rxb1 Nd5 31. fxg7+ Kxg7 32. Ne3+ Kf8 33. Nxd5 cxd5 34. a4 Ra2 35. Rf1 d4 36. Kh1 Ke8 37. Rg8+ Ke7 38. Rg7 Rf2 39. Re1+ Rae2 40. Rxe2+ Rxe2 41. Kg1 d3 42. Kf1 Re6 43. Rg3 d2 44. Rd3 Rf6+ 45. Ke2 Rg6 46. Rxd2 Rxg2+ 47. Ke3 Rxd2 48. Kxd2 Kd6 49. Ke3 Kc5 50. Kd3 Kb4 51. Kc2 f5 52. h3 f4 0-1


[Site "https://www.chess.com"]

[Event "Titled Tuesday Blitz May 4 2021"]
[White "Guimaraes, Diogo Duarte"]
[Black "Alfaro, William"]
[WhiteFideId "2112450"]
[BlackFideId "6100457"]
[WhiteElo "2263"]
[BlackElo "2074"]
[Result "0-1"]
[Round "05"]
[TimeControl "180+1"]
[Date "2021.05.04"]
[WhiteClock "0:00:06"]
[BlackClock "0:00:36"]

1. e4 c5 2. Nf3 Nc6 3. Bb5 e6 4. O-O Nge7 5. c3 a6 6. Ba4 b5 7. Bc2 d5 8. Re1 d4 9. cxd4 cxd4 10. a4 d3 11. Bb3 b4 12. a5 Ng6 13. Ba4 Bd7 14. e5 Rc8 15. Re4 Be7 16. Qb3 Nd4 17. Qd1 Ne2+ 18. Rxe2 dxe2 19. Qe1 Bxa4 20. Rxa4 Qc7 21. Nc3 bxc3 22. dxc3 Nxe5 23. Nd4 Nd3 24. Qxe2 Nxc1 25. Qc2 Qd7 26. b3 Rxc3 27. Qxc3 Ne2+ 28. Nxe2 Qd1+ 0-1


[Site "https://www.chess.com"]

[Event "Titled Tuesday Blitz May 4 2021"]
[White "Guzman Moneo, Alberto"]
[Black "Donatti, Alvaro"]
[WhiteFideId "2209616"]
[BlackFideId "3000303"]
[WhiteElo "2157"]
[BlackElo "2138"]
[Result "1-0"]
[Round "05"]
[TimeControl "180+1"]
[Date "2021.05.04"]
[WhiteClock "0:01:12"]
[BlackClock "0:01:25"]

1. e4 c5 2. Nc3 e6 3. Nf3 Nc6 4. Bb5 g6 5. d4 cxd4 6. Nxd4 Bg7 7. Bxc6 bxc6 8. O-O d5 9. Nxc6 Qb6 10. exd5 exd5 11. Re1+ Be6 12. Qxd5 Nf6 13. Rxe6+ fxe6 14. Qxe6+ Kf8 15. Be3 Re8 16. Qd6+ 1-0


[Site "https://www.chess.com"]

[Event "Titled Tuesday Blitz May 4 2021"]
[White "Haessel, Dale R."]
[Black "Langner, Ladislav"]
[WhiteFideId "2012618"]
[BlackFideId "300403"]
[WhiteElo "2167"]
[BlackElo "2346"]
[Result "0-1"]
[Round "05"]
[TimeControl "180+1"]
[Date "2021.05.04"]
[WhiteClock "0:00:12"]
[BlackClock "0:01:15"]

1. d4 Nf6 2. c4 g6 3. Nc3 d5 4. cxd5 Nxd5 5. Na4 Bg7 6. e4 Nb6 7. Be3 O-O 8. Nc5 N8d7 9. Rc1 Nxc5 10. Rxc5 Bd7 11. Nf3 Na4 12. Rc2 c5 13. Be2 cxd4 14. Bxd4 Qa5+ 15. Qd2 Qxd2+ 16. Kxd2 Rfd8 17. Bxg7 Kxg7 18. Ke3 Rac8 19. Rhc1 Nxb2 20. Ne5 Be6 21. Rxc8 Rxc8 22. Rb1 Rc2 23. Bd1 Nxd1+ 24. Rxd1 Rxa2 25. Rb1 b6 0-1


[Site "https://www.chess.com"]

[Event "Titled Tuesday Blitz May 4 2021"]
[White "Hansen, Soren Bech"]
[Black "davigator"]
[WhiteFideId "1400681"]
[WhiteElo "2234"]
[BlackElo "2423"]
[Result "0-1"]
[Round "05"]
[TimeControl "180+1"]
[Date "2021.05.04"]
[WhiteClock "0:00:01"]
[BlackClock "0:00:45"]

1. e4 c5 2. Nf3 Nc6 3. Bb5 g6 4. Bxc6 bxc6 5. O-O Bg7 6. Re1 Nh6 7. c3 O-O 8. d4 cxd4 9. cxd4 d5 10. e5 f6 11. h3 Nf7 12. Nc3 fxe5 13. Nxe5 Nxe5 14. dxe5 e6 15. Qg4 c5 16. Bg5 Qb6 17. Na4 Qa5 18. Be7 Rf5 19. Bxc5 h5 20. Qb4 Qxb4 21. Bxb4 Rxe5 22. Rxe5 Bxe5 23. Re1 Bf6 24. Nc5 Kf7 25. f4 a5 26. Bc3 Bxc3 27. bxc3 Rb8 28. Kf2 Rb5 29. Nd3 Kf6 30. g4 Ba6 31. Ne5 Rb7 32. Ke3 Rb2 33. Nd7+ Ke7 34. Nc5 Bc8 35. Re2 Rb5 36. Kd4 Kd6 37. gxh5 Rxc5 38. hxg6 Rc4+ 39. Kd3 Ba6 40. Kd2 Rc8 41. Rg2 Ke7 42. h4 Kf6 43. h5 Kg7 44. Rg5 Rf8 45. Ke3 Bc4 46. a3 Kh6 47. Rg3 Kxh5 48. Kd4 Rxf4+ 49. Ke5 Rf5+ 50. Kxe6 Rf8 51. g7 Rg8 52. Kf6 Kh4 53. Rg1 a4 54. Rh1+ Kg4 55. Rh8 d4 56. cxd4 Kf4 57. Rxg8 Bxg8 58. Ke7 Ke4 59. Kf8 Bd5 0-1


[Site "https://www.chess.com"]

[Event "Titled Tuesday Blitz May 4 2021"]
[White "Hartikainen, Jarmo"]
[Black "Volkov, Maksim"]
[WhiteFideId "503134"]
[BlackFideId "54123070"]
[WhiteElo "2057"]
[BlackElo "2113"]
[Result "0-1"]
[Round "05"]
[TimeControl "180+1"]
[Date "2021.05.04"]
[WhiteClock "0:00:03"]
[BlackClock "0:01:01"]

1. e4 c5 2. Nf3 e6 3. d4 cxd4 4. Nxd4 a6 5. Nc3 Qc7 6. Bd3 Nf6 7. Be3 d6 8. O-O Be7 9. a4 b6 10. f4 Nbd7 11. Kh1 Bb7 12. Qe2 O-O 13. Rae1 Rfe8 14. Bc1 Qc5 15. Nb3 Qh5 16. Qxh5 Nxh5 17. e5 dxe5 18. fxe5 g6 19. Bh6 Bf8 20. Bxf8 Rxf8 21. Kg1 Rfd8 22. Re3 Rac8 23. Nd2 Nc5 24. Nde4 Bxe4 25. Nxe4 Nxe4 26. Rxe4 a5 27. g4 Ng7 28. Ref4 Rc7 29. h4 h5 30. Kg2 hxg4 31. Rxg4 Kh7 32. Rgf4 Nf5 33. Bxf5 exf5 34. R1f2 Rc5 35. Re2 Re8 36. b4 Rcxe5 37. Rxe5 Rxe5 38. bxa5 bxa5 39. Rc4 Kh6 40. Kf3 Kh5 41. Rc7 Kxh4 42. c4 g5 43. c5 Re4 44. Rc8 g4+ 45. Kg2 Kg5 46. c6 Kf4 47. c7 Rc4 48. Kf2 Rc2+ 49. Ke1 Kf3 0-1


[Site "https://www.chess.com"]

[Event "Titled Tuesday Blitz May 4 2021"]
[White "Hasangatin, Ramil"]
[Black "Gabrielian, Artur"]
[WhiteFideId "4122160"]
[BlackFideId "4131002"]
[WhiteElo "2430"]
[BlackElo "2539"]
[Result "0-1"]
[Round "05"]
[TimeControl "180+1"]
[Date "2021.05.04"]
[WhiteClock "0:00:01"]
[BlackClock "0:00:12"]

1. e4 c5 2. Nf3 d6 3. d4 cxd4 4. Qxd4 Nc6 5. Bb5 Bd7 6. Bxc6 Bxc6 7. Nc3 Nf6 8. Bg5 e6 9. O-O-O Be7 10. Rhe1 O-O 11. Qd2 h6 12. Bf4 d5 13. Ne5 Rc8 14. Kb1 dxe4 15. Nxc6 Rxc6 16. Qxd8 Rxd8 17. Rxd8+ Bxd8 18. Nxe4 Nd5 19. Bd2 Bc7 20. g3 b5 21. Nc3 Nxc3+ 22. Bxc3 Bb6 23. Re2 Rd6 24. Kc1 Rd5 25. Bd2 g5 26. Be3 Bxe3+ 27. Rxe3 a5 28. g4 h5 29. h3 Kg7 30. f3 h4 31. Re4 Kg6 32. c4 bxc4 33. Rxc4 f5 34. Kc2 Kf6 35. a3 Re5 36. Kd2 f4 37. b4 axb4 38. axb4 Rd5+ 39. Kc2 Re5 40. Kd2 Rd5+ 41. Kc2 Ke5 42. Rc8 Kd4 43. Kd2 e5 44. Ke2 Rd6 45. Rc1 Rb6 46. Rb1 Rb5 47. Rd1+ Kc4 48. Rc1+ Kd4 49. Rd1+ Kc4 50. Rc1+ Kd5 51. Rd1+ Kc6 52. Rc1+ Kb6 53. Rc4 Rd5 54. Rc8 Kb5 55. Rb8+ Kc4 56. Rc8+ Kxb4 57. Rg8 Ra5 58. Rxg5 Kc4 59. Rh5 Ra2+ 60. Ke1 Kd4 61. g5 Ke3 62. Kd1 Rg2 63. Rxh4 Rxg5 64. Rg4 Rh5 0-1


[Site "https://www.chess.com"]

[Event "Titled Tuesday Blitz May 4 2021"]
[White "Havanecz, Bianka"]
[Black "Kiseljova, Marya"]
[WhiteFideId "704814"]
[BlackFideId "4155009"]
[WhiteElo "2336"]
[BlackElo "1797"]
[Result "1-0"]
[Round "05"]
[TimeControl "180+1"]
[Date "2021.05.04"]
[WhiteClock "0:00:03"]
[BlackClock "0:00:02"]

1. d4 d5 2. c4 e6 3. Nf3 c5 4. g3 Nc6 5. cxd5 exd5 6. Bg2 Nf6 7. O-O cxd4 8. Nxd4 Be7 9. Nc3 O-O 10. a3 a6 11. b4 Re8 12. Bb2 Be6 13. Rc1 Qb6 14. Na4 Qc7 15. Nc5 Bxc5 16. Rxc5 Qd7 17. Nxc6 bxc6 18. Bxf6 gxf6 19. Qd4 Kg7 20. Rfc1 Rac8 21. Qc3 Bh3 22. e3 Bxg2 23. Kxg2 Re6 24. Qd3 Qb7 25. Kg1 Re4 26. R1c3 Re5 27. Qc2 Re6 28. Rxd5 cxd5 29. Rxc8 d4 30. Rc7 Qd5 31. Rc5 Qf3 32. Qf5 Qxf5 33. Rxf5 dxe3 34. fxe3 Rxe3 35. Ra5 Re6 36. Kg2 Kg6 37. h4 f5 38. Kf3 Kf6 39. Kf4 Re4+ 40. Kf3 Re6 41. Rc5 Rd6 42. Ke3 h5 43. Ra5 Re6+ 44. Kf4 Re4+ 45. Kf3 Re6 46. Kf4 Re4+ 47. Kf3 Re6 48. a4 Rb6 49. b5 axb5 50. axb5 Ke5 51. Ke3 f6 52. Kf3 Kd5 53. Kf4 Kc5 54. Kxf5 Kb4 55. Ra8 Rxb5+ 56. Kxf6 Kc4 57. Kg6 Kd4 58. Ra4+ Ke5 59. Rf4 Ke6 60. Rf6+ 1-0


[Site "https://www.chess.com"]

[Event "Titled Tuesday Blitz May 4 2021"]
[White "Heinemann, Josefine"]
[Black "Sanchez Alvares, Kelvin Antonio"]
[WhiteFideId "12900460"]
[BlackFideId "3906680"]
[WhiteElo "2300"]
[BlackElo "2247"]
[Result "1-0"]
[Round "05"]
[TimeControl "180+1"]
[Date "2021.05.04"]
[WhiteClock "0:00:11"]
[BlackClock "0:00:07"]

1. e4 e5 2. Nf3 Nc6 3. Bb5 a6 4. Ba4 b5 5. Bb3 Nf6 6. O-O Nxe4 7. d4 d5 8. dxe5 Be6 9. Qe2 Bc5 10. Nbd2 Nxd2 11. Bxd2 O-O 12. c3 d4 13. Bxe6 fxe6 14. cxd4 Nxd4 15. Nxd4 Bxd4 16. Rad1 c5 17. Be3 Qd5 18. Bxd4 cxd4 19. b3 Rad8 20. Rd3 Rf4 21. f3 g5 22. Rfd1 Rdf8 23. h3 R8f5 24. Qf2 Rxe5 25. Rxd4 Rxd4 26. Rxd4 Qc5 27. Rd8+ Kg7 28. Qxc5 Rxc5 29. Rd6 a5 30. Rxe6 b4 31. Re2 h5 32. Kf2 Kf6 33. Ke3 h4 34. Kd4 Rc1 35. Kd5 Kf5 36. Rb2 Kf4 37. Ke6 Rc5 38. Re2 Rc6+ 39. Kd5 Rc1 40. Ke6 Rc6+ 41. Kf7 Rc1 42. Kg6 Rc6+ 43. Kh5 Kf5 44. Rd2 Rc1 45. Rd5+ Kf4 46. Rxa5 Rc8 47. Kh6 Rh8+ 48. Kg7 Rb8 49. Kf6 Rb6+ 50. Ke7 Rc6 51. Rb5 Rc2 52. Rxb4+ Kf5 53. a4 Rxg2 54. a5 Re2+ 55. Kf7 Ra2 56. Ra4 Rb2 57. a6 Rxb3 58. a7 Rb7+ 59. Ke8 Rxa7 60. Rxa7 Kf4 61. Rg7 Kg3 62. Rxg5+ Kxh3 63. f4 Kh2 64. f5 h3 65. f6 Kh1 66. f7 h2 67. Rh5 Kg2 68. Rxh2+ 1-0


[Site "https://www.chess.com"]

[Event "Titled Tuesday Blitz May 4 2021"]
[White "Hernandez Jimenez, Alexander Andres"]
[Black "Rosenberg, Evan S"]
[WhiteFideId "3900452"]
[BlackFideId "2019299"]
[WhiteElo "2151"]
[BlackElo "2130"]
[Result "0-1"]
[Round "05"]
[TimeControl "180+1"]
[Date "2021.05.04"]
[WhiteClock "0:00:02"]
[BlackClock "0:00:38"]

1. e4 e5 2. Nf3 Nc6 3. Bc4 Nf6 4. d3 Bc5 5. O-O d6 6. c3 a6 7. a4 Ba7 8. Nbd2 O-O 9. Re1 Ng4 10. Re2 Kh8 11. h3 f5 12. hxg4 fxg4 13. Ne1 Qh4 14. d4 exd4 15. g3 Qh3 16. Nf1 dxc3 17. Be3 Ne5 18. Bxa7 Nf3+ 19. Nxf3 gxf3 20. Ne3 fxe2 21. Qxe2 cxb2 22. Qxb2 Rxa7 23. Nd5 Be6 24. Nf4 Rxf4 25. Bxe6 Qxe6 26. gxf4 Qxe4 27. Ra3 Ra8 28. Rg3 Rg8 29. f5 Qxf5 30. Qxb7 c5 31. Qxa6 d5 32. Qb7 d4 33. a5 d3 34. Qb1 c4 35. a6 Qa5 36. Rg4 Qxa6 37. Qb2 Qf6 0-1


[Site "https://www.chess.com"]

[Event "Titled Tuesday Blitz May 4 2021"]
[White "Holt, Conrad"]
[Black "Kalashian, David"]
[WhiteFideId "2034387"]
[BlackFideId "13302418"]
[WhiteElo "2586"]
[BlackElo "2490"]
[Result "0-1"]
[Round "05"]
[TimeControl "180+1"]
[Date "2021.05.04"]
[WhiteClock "0:00:04"]
[BlackClock "0:00:09"]

1. d4 Nf6 2. c4 e6 3. Nc3 Bb4 4. Qc2 c5 5. dxc5 O-O 6. a3 Bxc5 7. Bf4 b6 8. Nf3 Bb7 9. Rd1 Nh5 10. Bg3 Be7 11. e4 a6 12. Be2 Nxg3 13. hxg3 h6 14. e5 Qc7 15. Ne4 Nc6 16. Neg5 g6 17. Rxh6 Nxe5 18. Rxd7 Nxf3+ 19. gxf3 Bb4+ 20. axb4 Qxd7 21. Qc3 f6 22. Rxg6+ Kh8 23. Rh6+ Kg8 24. Rh7 Qd6 25. Rxb7 Rad8 26. c5 bxc5 27. bxc5 Qd5 28. c6 Qxg5 29. Bc4 Rfe8 30. c7 Rc8 31. f4 Qf5 32. Bd3 Qd5 33. Bh7+ Kxh7 34. Qc2+ Kg7 35. Rb6 f5 36. Rc6 Qe4+ 37. Qxe4 fxe4 38. Ke2 Re7 39. Ke3 Rexc7 40. Rxa6 Rc2 41. Rxe6 Rxb2 42. Kxe4 Re2+ 43. Kf5 Rxe6 44. Kxe6 Re8+ 45. Kf5 Ra8 46. f3 Ra5+ 47. Kg4 Ra3 48. f5 Kf6 49. Kf4 Ra4+ 50. Ke3 Kxf5 0-1


[Site "https://www.chess.com"]

[Event "Titled Tuesday Blitz May 4 2021"]
[White "Homiakova, Elena"]
[Black "Nguyen, Quoc Hy"]
[WhiteFideId "13507761"]
[BlackFideId "12410853"]
[WhiteElo "2274"]
[BlackElo "1975"]
[Result "0-1"]
[Round "05"]
[TimeControl "180+1"]
[Date "2021.05.04"]
[WhiteClock "0:00:03"]
[BlackClock "0:00:21"]

1. e4 c5 2. Nf3 Nc6 3. d4 cxd4 4. Nxd4 Nf6 5. Nc3 e5 6. Ndb5 d6 7. Nd5 Nxd5 8. exd5 Ne7 9. c4 Ng6 10. Be2 Be7 11. O-O O-O 12. Kh1 f5 13. f4 a6 14. Nc3 exf4 15. Bxf4 Bg5 16. Bxg5 Qxg5 17. Qd4 Bd7 18. b4 Rae8 19. Bf3 Ne5 20. c5 Rf6 21. c6 Bc8 22. b5 Rh6 23. Rae1 Rh4 24. Qf2 Rc4 25. Ne2 axb5 26. cxb7 Bxb7 27. Rc1 Nd3 28. Qb6 Nxc1 0-1


[Site "https://www.chess.com"]

[Event "Titled Tuesday Blitz May 4 2021"]
[White "Howell, David W L"]
[Black "Matinian, Nikita"]
[WhiteFideId "410608"]
[BlackFideId "24129100"]
[WhiteElo "2643"]
[BlackElo "2410"]
[Result "1-0"]
[Round "05"]
[TimeControl "180+1"]
[Date "2021.05.04"]
[WhiteClock "0:00:42"]
[BlackClock "0:00:04"]

1. e4 d6 2. Nc3 g6 3. f4 Bg7 4. Nf3 Nf6 5. d4 O-O 6. Be3 Bg4 7. h3 Bxf3 8. Qxf3 c6 9. e5 dxe5 10. dxe5 Nd5 11. O-O-O e6 12. Bd2 Nd7 13. Ne4 Qb6 14. h4 h5 15. c4 Ne7 16. g4 hxg4 17. Qxg4 Rfd8 18. h5 Nc5 19. Nf6+ Kf8 20. Nh7+ Ke8 21. Nf6+ Kf8 22. Rh3 Rd4 23. Be3 Rxd1+ 24. Qxd1 Rd8 25. Qxd8+ Qxd8 26. Bxc5 Qa5 27. Rd3 gxh5 28. b4 Qc7 29. Rd7 Qxd7 30. Nxd7+ Ke8 31. Nf6+ Bxf6 32. exf6 Nf5 33. Bxa7 h4 34. Bh3 Ng3 35. Kc2 Ne4 36. Bd4 Kd7 37. Kd3 Ng3 38. a4 Kd6 39. Be5+ Kd7 40. a5 1-0


[Site "https://www.chess.com"]

[Event "Titled Tuesday Blitz May 4 2021"]
[White "Ibrayev, Nurlan"]
[Black "Can, Emre"]
[WhiteFideId "13700650"]
[BlackFideId "6302181"]
[WhiteElo "2366"]
[BlackElo "2503"]
[Result "1-0"]
[Round "05"]
[TimeControl "180+1"]
[Date "2021.05.04"]
[WhiteClock "0:00:13"]
[BlackClock "0:00:07"]

1. d4 d5 2. c4 e6 3. Nf3 Nf6 4. Nc3 Bb4 5. cxd5 exd5 6. Bg5 h6 7. Bh4 g5 8. Bg3 Ne4 9. Nd2 Nxg3 10. hxg3 c6 11. e3 Bf8 12. Bd3 Be6 13. g4 Qb6 14. Na4 Qc7 15. Rc1 Nd7 16. Nc3 Nf6 17. Be2 Qd7 18. f3 O-O-O 19. a3 Kb8 20. b4 Bd6 21. Kf2 h5 22. gxh5 Nxh5 23. Nf1 f5 24. f4 Nf6 25. fxg5 Rxh1 26. gxf6 Qh7 27. Bf3 Qh4+ 28. Ke2 Qxf6 29. b5 c5 30. b6 a6 31. dxc5 Bxc5 32. Na4 Bd6 33. Nc5 Qe7 34. Qd4 Rh6 35. Nxe6 Rxe6 36. Bxd5 Re5 37. Qc4 Bc5 38. Qxc5 Qxc5 39. Rxc5 Rexd5 40. Rc4 R8d6 41. Rb4 Rb5 42. Rxb5 axb5 43. Ng3 Rxb6 44. Nxf5 Ra6 45. Nd4 Rxa3 46. Nxb5 Rb3 47. Nd4 Kc7 48. Nxb3 1-0


[Site "https://www.chess.com"]

[Event "Titled Tuesday Blitz May 4 2021"]
[White "Isajevsky, Anton"]
[Black "Alavi, Sayed Javad"]
[WhiteFideId "4142500"]
[BlackFideId "12500607"]
[WhiteElo "2510"]
[BlackElo "2495"]
[Result "0-1"]
[Round "05"]
[TimeControl "180+1"]
[Date "2021.05.04"]
[WhiteClock "0:00:04"]
[BlackClock "0:00:11"]

1. c4 e5 2. g3 d6 3. Bg2 Nc6 4. Nc3 f5 5. d3 Nf6 6. e3 g6 7. Nge2 Bg7 8. O-O O-O 9. Rb1 a5 10. a3 Be6 11. Nd5 Qd7 12. b4 axb4 13. axb4 Nd8 14. Bb2 Nxd5 15. cxd5 Bf7 16. Nc3 g5 17. Ra1 Rxa1 18. Qxa1 Bg6 19. Rc1 f4 20. exf4 gxf4 21. Ne4 f3 22. Bf1 Bf7 23. Qa5 c6 24. dxc6 bxc6 25. Qb6 Be6 26. d4 Bf5 27. Re1 Bxe4 28. Rxe4 d5 29. Rxe5 Bxe5 30. dxe5 Ne6 31. h4 Nf4 32. Kh2 Ne6 33. Qe3 Qe7 34. Bh3 Re8 35. Qxf3 Qxb4 36. Bf5 Qxb2 37. Qg4+ Kf8 38. Bxe6 Qxf2+ 39. Kh3 Qf1+ 40. Kh2 Qf2+ 41. Kh3 Qf1+ 42. Kh2 Ke7 43. Bd7 Rf8 44. Qe6+ Kd8 45. Bxc6 Rf2# 0-1


[Site "https://www.chess.com"]

[Event "Titled Tuesday Blitz May 4 2021"]
[White "Ivanov, Mike"]
[Black "Bendayan Claros, Aaron"]
[WhiteFideId "2613158"]
[BlackFideId "3803392"]
[WhiteElo "2197"]
[BlackElo "2166"]
[Result "1-0"]
[Round "05"]
[TimeControl "180+1"]
[Date "2021.05.04"]
[WhiteClock "0:00:29"]
[BlackClock "0:00:01"]

1. e4 c6 2. Nf3 d5 3. Nc3 dxe4 4. Nxe4 Nf6 5. Qe2 Nxe4 6. Qxe4 Nd7 7. Bc4 Nf6 8. Ne5 e6 9. Qe2 Be7 10. c3 O-O 11. d4 c5 12. Be3 cxd4 13. Bxd4 a6 14. O-O-O Qc7 15. Bd3 b5 16. Kb1 Bb7 17. h4 Rad8 18. h5 Nd7 19. h6 g6 20. Nxg6 fxg6 21. Qxe6+ Rf7 22. Bxg6 Rf8 23. Rh3 Qc6 24. Bxf7+ Rxf7 25. Rg3+ Kf8 26. Bg7+ Ke8 27. Qh3 Qe4+ 28. Ka1 Bc6 29. Re3 Qxg2 30. Qh5 Qxf2 31. Rde1 Qxe3 32. Rxe3 Kd8 33. Qxf7 1-0


[Site "https://www.chess.com"]

[Event "Titled Tuesday Blitz May 4 2021"]
[White "Jarovinsky, Alexey"]
[Black "Prithu Gupta"]
[WhiteFideId "14115131"]
[BlackFideId "46618546"]
[WhiteElo "2446"]
[BlackElo "1775"]
[Result "1/2-1/2"]
[Round "05"]
[TimeControl "180+1"]
[Date "2021.05.04"]
[WhiteClock "0:00:04"]
[BlackClock "0:00:08"]

1. Nc3 d5 2. e4 dxe4 3. Nxe4 Nd7 4. Bc4 e6 5. Qe2 Ngf6 6. Ng5 Nb6 7. Bb3 Be7 8. N1f3 c5 9. O-O O-O 10. c3 h6 11. Ne4 Bd7 12. Ne5 Rc8 13. Nxd7 Qxd7 14. d3 Nbd5 15. Rd1 b5 16. a3 Rfd8 17. d4 cxd4 18. Rxd4 Qb7 19. Bd2 a5 20. Rd1 b4 21. axb4 axb4 22. c4 Nc7 23. Nxf6+ Bxf6 24. Rxd8+ Rxd8 25. Be3 Rxd1+ 26. Bxd1 Qe4 27. b3 e5 28. Bc2 Qc6 29. Qd3 Ne6 30. Qh7+ Kf8 31. Be4 Qd6 32. Bd5 Ke7 33. Qg8 Nd8 34. h3 e4 35. Bxe4 Qd1+ 36. Kh2 Qxb3 37. Bc5+ Kd7 38. Bd5 Be5+ 39. g3 Qc2 40. Bb6 Bxg3+ 41. Kxg3 Qg6+ 42. Kf3 Qxb6 43. Qxg7 Qd6 44. Qb2 Ne6 45. Ke3 Qc5+ 46. Kd2 Nd4 47. Kc1 b3 48. Kb1 Kd6 49. Qd2 Qa3 50. Qf4+ Kc5 51. Qc7+ Kb4 52. Qd6+ Ka4 53. Qa6+ Kb4 54. Qd6+ Ka4 55. Qa6+ Kb4 56. Qd6+ 1/2-1/2


[Site "https://www.chess.com"]

[Event "Titled Tuesday Blitz May 4 2021"]
[White "Jian, Alex"]
[Black "Girish, A. Koushik"]
[WhiteFideId "30901022"]
[BlackFideId "5038448"]
[WhiteElo "2084"]
[BlackElo "2387"]
[Result "1-0"]
[Round "05"]
[TimeControl "180+1"]
[Date "2021.05.04"]
[WhiteClock "0:00:14"]
[BlackClock "0:00:01"]

1. d4 Nf6 2. c4 e6 3. Nc3 Bb4 4. Qc2 d5 5. cxd5 exd5 6. Bg5 O-O 7. e3 h6 8. Bh4 c5 9. dxc5 Nc6 10. Nf3 d4 11. O-O-O g5 12. Bg3 Bxc5 13. exd4 Bd6 14. Bc4 Kg7 15. Ne5 Nb4 16. Qb1 Qe7 17. a3 Nc6 18. Rhe1 Bxe5 19. dxe5 Nh5 20. Nd5 Qc5 21. Qc2 Bf5 22. Qc3 Be6 23. Kb1 b5 24. Ba2 Qxc3 25. Nxc3 Bf5+ 26. Ka1 b4 27. Nd5 bxa3 28. bxa3 Rab8 29. Ne3 Bg6 30. Nc4 Nxg3 31. hxg3 Rfe8 32. f4 Re7 33. Rc1 Nd4 34. Ne3 Reb7 35. Bd5 Nb3+ 36. Bxb3 Rxb3 37. Ka2 Rb2+ 38. Ka1 Be4 39. Nc4 R2b3 40. Rxe4 Rxg3 41. Re2 1-0


[Site "https://www.chess.com"]

[Event "Titled Tuesday Blitz May 4 2021"]
[White "Jobava, Baadur"]
[Black "Arkell, Keith C"]
[WhiteFideId "13601520"]
[BlackFideId "400270"]
[WhiteElo "2748"]
[BlackElo "2398"]
[Result "1-0"]
[Round "05"]
[TimeControl "180+1"]
[Date "2021.05.04"]
[WhiteClock "0:00:42"]
[BlackClock "0:00:02"]

1. d4 e6 2. Nc3 d5 3. Bf4 Bd6 4. e3 a6 5. Nf3 c5 6. dxc5 Bxf4 7. exf4 Qc7 8. Bd3 Qxf4 9. O-O Nf6 10. Re1 Nbd7 11. Ne2 Qc7 12. b4 b6 13. cxb6 Nxb6 14. Ned4 O-O 15. a4 a5 16. Nb5 Qe7 17. bxa5 Rxa5 18. Nfd4 Bd7 19. c3 g6 20. Bc2 Rfa8 21. h3 Bxb5 22. Nxb5 Qc5 23. Qf3 Nxa4 24. Qxf6 Qxb5 25. h4 Qb6 26. h5 e5 27. Qxe5 gxh5 28. Qxh5 d4 29. Qxh7+ Kf8 30. Qh8# 1-0


[Site "https://www.chess.com"]

[Event "Titled Tuesday Blitz May 4 2021"]
[White "Josse, Mark"]
[Black "Najdin, Danil"]
[WhiteFideId "414476"]
[BlackFideId "4172426"]
[WhiteElo "2275"]
[BlackElo "2193"]
[Result "1-0"]
[Round "05"]
[TimeControl "180+1"]
[Date "2021.05.04"]
[WhiteClock "0:00:07"]
[BlackClock "0:00:02"]

1. c4 e5 2. Nc3 Nf6 3. Nf3 Nc6 4. e3 Bb4 5. Qc2 O-O 6. Nd5 Re8 7. Qf5 d6 8. Nxf6+ Qxf6 9. Qxf6 gxf6 10. a3 Bc5 11. b4 Bb6 12. Bb2 a5 13. b5 Ne7 14. d4 Bg4 15. c5 dxc5 16. dxe5 fxe5 17. Nxe5 Be6 18. Bc4 Ng6 19. Bxe6 Nxe5 20. Bxe5 Rxe6 21. Bc3 Rd8 22. Ke2 c4 23. Rhd1 Red6 24. Bf6 Rxd1 25. Rxd1 Rxd1 26. Kxd1 a4 27. Bd4 Ba5 28. Kc2 Be1 29. f3 f5 30. Bc3 Bf2 31. Bd2 f4 32. e4 Bc5 33. Kb2 Be3 34. Bc3 Kf8 35. Be5 c6 36. bxc6 bxc6 37. Bd6+ Kf7 38. Kc3 Ke6 39. Bf8 Kf7 40. Bb4 Bg1 41. h3 Kg6 42. Kxc4 Kh5 43. e5 Kg6 44. Bc5 Bh2 45. Bd4 1-0


[Site "https://www.chess.com"]